AoeStats
← JamesNewstedd

Arena

510295725Analyzed
3v3 RM · 21h ago on Sep 30, 2026· 80m 18s· 6 players
Game mode
Random Map
Map size
Normal (6 player)
Population
200
Speed
Normal
Resources
Standard
Victory
Conquest
Starting age
Dark Age
Ending age
Imperial Age
RankedLock teamsTeams togetherTeam positionsShared explorationLock speedFull tech treeHidden civsTurbo modeCheats
Victory
Defeat
🇩🇪 Gurjaras · Germany
1522
+11
🇩🇪 Mongols · Germany
1485
+12
🇩🇪 Koreans · Germany
1422
+15
🇳🇴 Sicilians · Norway
1455
-15
🇺🇸 Cumans · United States
1395
-12
🇫🇷 Ethiopians · France
1358
-11
Öl1ng
8:35 Feudal Age
7:00 Loom
9:05 Double-Bit Axe
9:43 Horse Collar
18:02 Castle Age
16:40 Fletching
18:59 Bodkin Arrow
19:54 Bow Saw
21:18 Guard Tower
23:13 Wheelbarrow
23:29 Town Watch
24:38 Fortified Wall
36:38 Imperial Age
34:48 Gold Mining
36:44 Hand Cart
37:28 Bracer
37:51 Scale Barding Armor
38:25 Gold Shaft Mining
38:06 Scale Mail Armor
38:18 Forging
38:34 Onager
39:19 Stone Mining
41:38 Masonry
42:45 Iron Casting
42:25 Chain Mail Armor
42:57 Arson
42:49 Elite Chakram Thrower
44:25 Masonry
46:52 Plate Mail Armor
48:20 Chemistry
47:51 Architecture
48:17 Hoardings
48:34 Hoardings
49:32 Conscription
51:30 Caravan
52:33 Heavy Plow
58:55 Kshatriyas
59:07 Scale Barding Armor
58:35 Light Cavalry
59:26 Bloodlines
59:16 Husbandry
60:13 Chain Barding Armor
61:28 Plate Barding Armor
62:58 Hussar
68:13 Crop Rotation
JamesNewstedd
10:45 Feudal Age
14:30 Castle Age
12:41 Double-Bit Axe
12:38 Horse Collar
15:26 Bow Saw
22:31 Wheelbarrow
24:00 Caravan
24:41 Hand Cart
25:43 Fletching
26:03 Gold Mining
26:21 Bodkin Arrow
30:45 Imperial Age
28:51 Padded Archer Armor
28:53 Stone Mining
29:44 Gold Shaft Mining
30:19 Leather Archer Armor
30:06 Husbandry
30:17 Bloodlines
30:38 Light Cavalry
31:29 Elite Mangudai
32:30 Conscription
32:10 Town Watch
32:45 Bracer
35:12 Parthian Tactics
34:53 Thumb Ring
35:15 Parthian Tactics
35:03 Scale Barding Armor
35:09 Forging
37:13 Ballistics
37:54 Chemistry
38:02 Loom
39:50 Coinage
51:25 Hoardings
65:18 Chain Barding Armor
65:33 Iron Casting
68:30 Blast Furnace
68:15 Hussar
75:53 Banking
78:39 Elite Steppe Lancer
105er.DarkSheep
0:26 Loom
3:49 Loom
10:32 Feudal Age
14:39 Castle Age
12:34 Double-Bit Axe
13:09 Horse Collar
15:33 Bow Saw
16:54 Scale Mail Armor
21:54 Forging
23:13 Wheelbarrow
22:25 Loom
24:19 Chain Mail Armor
27:57 Loom
29:56 Heavy Plow
32:14 Town Watch
36:02 Imperial Age
34:41 Hand Cart
34:19 Fletching
34:41 Masonry
35:10 Ballistics
35:25 Caravan
36:04 Gold Mining
36:06 Stone Mining
36:36 Bodkin Arrow
37:10 Conscription
37:13 Husbandry
36:56 Elite War Wagon
39:33 Chemistry
38:43 Bracer
41:07 Two-Man Saw
42:08 Heavy Rocket Cart
46:14 Shinkichon
46:26 Siege Engineers
48:57 Iron Casting
48:27 Scale Barding Armor
48:52 Light Cavalry
53:52 Hussar
55:31 Fortified Wall
55:51 Architecture
56:14 Chain Barding Armor
59:41 Plate Mail Armor
59:12 Squires
58:34 Elite Fire Lancer
62:22 Coinage
62:02 Guilds
62:58 Arrowslits
63:02 Pikeman
64:31 Halberdier
65:30 Eupseong
79:48 Banking
79:38 Man-at-Arms
80:10 Arson
ip_lucas
7:18 Loom
10:46 Feudal Age
11:59 Double-Bit Axe
11:54 Horse Collar
14:36 Castle Age
16:20 Bow Saw
16:11 Heavy Plow
18:40 Loom
23:04 Wheelbarrow
23:11 Wheelbarrow
22:32 Gold Mining
26:40 Hand Cart
26:12 Town Watch
29:30 Stone Mining
32:41 Hand Cart
36:44 Imperial Age
35:22 Gold Shaft Mining
36:08 Ballistics
38:38 Chemistry
37:01 Heavy Scorpion
38:54 Two-Man Saw
39:11 Siege Engineers
38:34 Onager
39:22 Torsion Engines
42:20 Siege Onager
43:14 Forging
43:04 Scale Mail Armor
43:07 Squires
42:53 Arson
44:17 Halberdier
45:16 Chain Mail Armor
45:36 Iron Casting
47:04 Stone Shaft Mining
47:00 Plate Mail Armor
49:02 Blast Furnace
48:51 Fletching
49:01 Padded Archer Armor
49:06 Scale Barding Armor
49:14 Masonry
49:15 Fortified Wall
52:45 Conscription
52:48 Leather Archer Armor
52:53 Chain Barding Armor
53:24 Bodkin Arrow
53:35 Capped Ram
54:58 Coinage
54:38 Guilds
54:12 Elite Skirmisher
54:57 Thumb Ring
54:50 Man-at-Arms
55:33 Bracer
57:23 Ring Archer Armor
60:18 Murder Holes
60:54 Architecture
65:07 Caravan
65:37 Banking
68:48 Long Swordsman
71:02 Two-Handed Swordsman
71:37 Guard Tower
Sasha The Bunny
10:48 Feudal Age
12:00 Loom
12:14 Fletching
12:24 Padded Archer Armor
13:25 Scale Mail Armor
16:44 Horse Collar
24:01 Castle Age
25:14 Chain Mail Armor
26:20 Arson
26:36 Squires
34:36 Imperial Age
31:57 Double-Bit Axe
32:36 Bodkin Arrow
34:56 Heavy Plow
35:40 Ballistics
35:31 Masonry
35:34 Bracer
37:12 Plate Mail Armor
36:42 Town Watch
37:55 Forging
39:08 Murder Holes
42:00 Chemistry
41:52 Arrowslits
46:09 Gold Mining
46:09 Stone Mining
46:54 Elite Serjeant
48:38 Wheelbarrow
48:51 Scale Barding Armor
49:22 Iron Casting
49:43 Light Cavalry
50:34 Bloodlines
51:41 First Crusade
51:36 Husbandry
51:58 Chain Barding Armor
54:14 Siege Engineers
53:57 Heavy Scorpion
57:49 Plate Barding Armor
58:15 Blast Furnace
58:04 Caravan
57:50 Capped Ram
59:53 Siege Ram
64:03 Guilds
67:05 Bow Saw
68:49 Pikeman
71:35 Halberdier
dl_cucga
8:28 Feudal Age
9:10 Double-Bit Axe
13:48 Horse Collar
19:16 Castle Age
18:20 Gold Mining
18:35 Stone Mining
20:38 Bow Saw
20:28 Heavy Plow
21:11 Wheelbarrow
26:31 Imperial Age
24:15 Fletching
25:42 Bodkin Arrow
26:15 Ballistics
26:46 Padded Archer Armor
28:23 Chemistry
27:54 Parthian Tactics
28:25 Bloodlines
29:07 Thumb Ring
29:16 Loom
29:48 Hand Cart
30:26 Leather Archer Armor
30:23 Town Watch
31:49 Ring Archer Armor
31:25 Scale Barding Armor
31:07 Elite Kipchak
32:34 Crop Rotation
32:49 Conscription
32:36 Capped Ram
33:40 Chain Barding Armor
35:44 Two-Man Saw
35:20 Plate Barding Armor
35:14 Steppe Husbandry
36:12 Forging
37:35 Iron Casting
36:40 Siege Ram
36:45 Light Cavalry
39:01 Coinage
40:12 Blast Furnace
38:33 Hussar
44:17 Cuman Mercenaries
46:40 Banking
58:29 Caravan
70:28 Squires
69:49 Pikeman
71:31 Scale Mail Armor
72:28 Chain Mail Armor
72:00 Arson
73:10 Halberdier
74:21 Plate Mail Armor
74:12 Elite Skirmisher
Connection lost

Rejoining the realm…

Still unreachable

The connection could not be restored.

Session expired

The server has moved on; the page needs a fresh start.